 Dungeon Crawl Stone Soup version 0.24-a0-736-g4e6fe308c7 (webtiles) character file.

Game seed: 16962545901007420242, levelgen mode: deterministic

3938 Kohma the Destroyer (level 10, -8/86 HPs)
             Began as a Purple Draconian Conjurer on Oct 2, 2019.
             Was a Priest of Dithmenos.
             Shot with a bolt by an orc warrior (18 damage)
             ... in a bailey.
             The game lasted 00:36:07 (8657 turns).

Kohma the Destroyer (Purple Draconian Conjurer)     Turns: 8657, Time: 00:36:07

Health: -8/86      AC: 10    Str: 10    XL:     10   Next: 1%
Magic:  14/30      EV: 17    Int: 19    God:    Dithmenos [***...]
Gold:   288        SH:  0    Dex: 17    Spells: 13/24 levels left

rFire    . . .     SeeInvis .   p - +1 hunting sling
rCold    . . .     Gourm    .   (no shield)
rNeg     . . .     Faith    .   (armour unavailable)
rPois    .         Spirit   .   (helmet restricted)
rElec    .         Reflect  .   A - +0 cloak
rCorr    .         Harm     .   v - +1 pair of gloves
MR       +....                  (no boots)
Stlth    ++++......             m - amulet of magic regeneration
HPRegen  0.24/turn              D - ring of magical power
MPRegen  0.47/turn              (no ring)

@: agile, wreathed by umbra
A: breathe power, unfitting armour, cold-blooded, AC +7
a: Breathe Dispelling Energy, Shadow Step, Renounce Religion


You were in a bailey.
You worshipped Dithmenos.
Dithmenos was most pleased with you.
You were hungry.

You visited 2 branches of the dungeon, and saw 10 of its levels.
You also visited: Bailey.

You collected 468 gold pieces.
You spent 180 gold pieces at shops.

Inventory:

Hand Weapons
 p - a +1 hunting sling (weapon)
 w - a +2 dagger of venom
 z - a +4 spear
 C - a +0 whip of flaming
 Q - a +0 scimitar of protection
 R - a +3 trident
Missiles
 j - 163 stones
 o - 43 sling bullets (quivered)
 q - 2 javelins
 L - 10 arrows
 N - 21 bolts
Armour
 h - the -6 shield "Ciru" {rElec rF+ Str-3 Int+6}
   (You bought it in a shop on level 7 of the Dungeon)

   It affects your strength (-3).
   It affects your intelligence (+6).
   It protects you from fire.
   It insulates you from electricity.
 v - a +1 pair of gloves (worn)
 A - a +0 cloak (worn)
Jewellery
 m - an amulet of magic regeneration (around neck)
 D - a ring of magical power (left hand)
Wands
 r - a wand of clouds (10)
 x - a wand of disintegration (9)
 B - a wand of polymorph (3)
 H - a wand of iceblast (10)
 I - a wand of flame (22)
Scrolls
 d - 2 scrolls of blinking
 f - a scroll of remove curse
 k - 4 scrolls of teleportation
 y - 2 scrolls of identify
 F - a scroll of immolation
 G - 2 scrolls of enchant weapon
 M - a scroll of noise {unknown}
 O - a scroll of fog
Potions
 c - a potion of brilliance {unknown}
 e - a potion of flight {unknown}
 g - a potion of agility
 i - 2 potions of mutation
 l - a potion of magic {unknown}
 s - a potion of haste
 t - 2 potions of lignification
 u - 5 potions of curing
 E - 2 potions of resistance
 J - a potion of ambrosia {unknown}
 K - 2 potions of might {unknown}
Comestibles
 b - 12 rations


   Skills:
 + Level 7.0 Fighting
 - Level 1.7 Dodging
 - Level 1.7 Stealth
 + Level 3.0 Shields
 + Level 7.5 Spellcasting
 - Level 10.0 Conjurations
 - Level 4.0 Hexes
 - Level 4.0 Evocations


You had 13 spell levels left.
You knew the following spells:

 Your Spells              Type           Power        Failure   Level  Hunger
a - Magic Dart            Conj           ####         1%          1    None
b - Searing Ray           Conj           #####.       1%          2    None
c - Iskenderun's Mystic   Conj           #####...     1%          4    ###....
d - Fulminant Prism       Conj/Hex       ####......   5%          4    ###....

Your spell library contained the following spells:

 Spells                   Type           Power        Failure   Level  Hunger
 Throw Frost              Conj/Ice       ####..       1%          2    None
 Dazzling Spray           Conj/Hex       ####..       1%          3    #......
 Freeze                   Ice            #...         10%         1    None
 Force Lance              Conj/Tloc      ####....     12%         4    ###....
 Throw Icicle             Conj/Ice       ####....     12%         4    ###....
 Ozocubu's Armour         Chrm/Ice       #.......     28%         3    #......
 Summon Ice Beast         Ice/Summ       #.......     67%         4    ###....


Dungeon Overview and Level Annotations

Branches:
Dungeon (9/15)             Temple (1/1) D:4             Orc (0/2) D:9
 Bailey (1/1)
   Lair: D:8-11

Altars:
Ashenzari
Cheibriados
Dithmenos
Elyvilon
Fedhas
Gozag
Hepliaklqana
Kikubaaqudgha
Makhleb
Nemelex Xobeh
Okawaru
Qazlal
Sif Muna
Trog
Uskayaw
Vehumet
Wu Jian
Xom
Yredelemnul
Zin

Shops:
D:2 *   D:7 [


Innate Abilities, Weirdness & Mutations

You can breathe bolts of dispelling energy.
Your rich purple scales are hard. (AC +7)
You cannot fit into any form of body armour.
You are cold-blooded and may be slowed by cold attacks.


Message History

Press: ? - help, Shift-Dir - straight line, f/p - orc warrior
Aim: an orc warrior, wielding a +0 arbalest and wearing a +0 scale mail The magic dart hits the orc warrior but does no damage.
The orc warrior shoots a bolt.
The bolt closely misses you.
Casting: Magic Dart (safe; 1% risk of failure)
Confirm with . or Enter, or press ? or * to list all spells.
Aiming: Magic Dart (safe; 1% risk of failure)
Press: ? - help, Shift-Dir - straight line, f/p - orc warrior
Aim: an orc warrior, wielding a +0 arbalest and wearing a +0 scale mail The magic dart hits the orc warrior.
The orc warrior is moderately wounded.
Casting: Magic Dart (safe; 1% risk of failure)
Confirm with . or Enter, or press ? or * to list all spells.
Aiming: Magic Dart (safe; 1% risk of failure)
Press: ? - help, Shift-Dir - straight line, f/p - orc warrior
Aim: an orc warrior, wielding a +0 arbalest and wearing a +0 scale mail (moderately wounded)
The magic dart hits the orc warrior.
The orc warrior is moderately wounded.
The orc warrior shoots a bolt.
The bolt hits you!!
You die...

#### ##∩## ####
..o.##...##....
≈≈≈..#...#..≈≈≈
≈o≈≈)......≈≈o≈
o≈(......≈o∩
.......≈ #.).#
#(∩.# ##@## ###


You could see an orc warrior.

Vanquished Creatures
  Pikel (D:4)
  Joseph (D:8)
  A wyvern (D:8)
  An orc warrior (Bailey)
  A sky beast (D:5)
  A black bear (D:8)
  An ice beast (D:5)
  3 phantoms
  A slave (D:4)
  5 ogres
  A centaur (D:8)
  2 big kobolds
  Blork the orc (D:6)
  A bullfrog (D:8)
  3 wights (D:9)
  4 killer bees (D:8)
  A howler monkey (D:6)
  2 crimson imps (D:5)
  8 hounds
  Crazy Yiuf (D:4)
  2 gnoll shamans
  3 orc priests
  6 orc wizards
  3 bullfrog skeletons
  4 worker ants
  A hound zombie (D:5)
  11 gnolls
  15 adders
  4 shadow imps
  2 adder skeletons
  4 worms
  A dart slug (D:3)
  5 leopard geckos
  26 orcs
  3 ball pythons
  7 giant cockroaches
  9 goblins
  4 hobgoblins
  14 jackals
  16 kobolds
  3 quokkas
  6 bats
  5 frilled lizards
  A jackal skeleton (D:5)
  2 leopard gecko zombies
  5 rats
202 creatures vanquished.

Vanquished Creatures (others)
  A howler monkey (D:4)
  A worker ant (D:4)
  20 fulminant prisms
22 creatures vanquished.

Grand Total: 224 creatures vanquished

Notes
Turn   | Place    | Note
-------+----------+-------------------------------------------
     0 | D:1      | Kohma the Draconian Conjurer began the quest for the Orb.
     0 | D:1      | Reached XP level 1. HP: 14/14 MP: 3/3
   359 | D:1      | Reached XP level 2. HP: 22/22 MP: 0/5
   788 | D:1      | Reached skill level 1 in Fighting
   881 | D:2      | Found Zin's Purification Station.
   883 | D:2      | Found a glowing silver altar of Zin.
   964 | D:2      | Reached XP level 3. HP: 28/28 MP: 1/6
  1565 | D:2      | Found a shattered altar of Ashenzari.
  1595 | D:2      | Reached XP level 4. HP: 36/36 MP: 4/7
  1698 | D:2      | Learned a level 2 spell: Searing Ray
  1703 | D:2      | Learned a level 4 spell: Iskenderun's Mystic Blast
  1711 | D:2      | Found an ancient bone altar of Kikubaaqudgha.
  1714 | D:2      | Reached skill level 5 in Conjurations
  2121 | D:2      | Found a bloodstained altar of Trog.
  2428 | D:3      | Found a transporter.
  2466 | D:3      | Reached XP level 5. HP: 42/42 MP: 1/9
  2468 | D:3      | Found a transporter.
  3512 | D:4      | Noticed a phantom
  3542 | D:4      | Killed a phantom
  3542 | D:4      | Reached skill level 6 in Conjurations
  3542 | D:4      | Reached XP level 6. HP: 32/51 MP: 1/11
  3849 | D:4      | Found a staircase to the Ecumenical Temple.
  3879 | Temple   | Entered the Ecumenical Temple
  4006 | Temple   | Became a worshipper of Dithmenos the Shadowed
  4186 | D:4      | Noticed Pikel
  4186 | D:4      | Noticed a slave
  4186 | D:4      | Noticed a slave
  4187 | D:4      | Noticed a slave
  4187 | D:4      | Noticed a slave
  4284 | D:4      | Killed a slave
  4291 | D:4      | Killed Pikel
  4291 | D:4      | Reached skill level 7 in Conjurations
  4291 | D:4      | Your scales start taking on a rich purple colour.
  4291 | D:4      | Reached skill level 5 in Spellcasting
  4291 | D:4      | Reached XP level 7. HP: 60/60 MP: 1/14
  4589 | D:4      | Found a runed translucent door.
  4590 | D:4      | Noticed Crazy Yiuf
  4598 | D:4      | Killed Crazy Yiuf
  4645 | D:4      | Reached skill level 1 in Evocations
  4749 | D:5      | Entered Level 5 of the Dungeon
  4753 | D:5      | Reached XP level 8. HP: 67/67 MP: 12/16
  4791 | D:5      | Learned a level 4 spell: Fulminant Prism
  4813 | D:5      | Reached skill level 1 in Hexes
  4833 | D:5      | Reached skill level 5 in Fighting
  5005 | D:5      | Identified the cursed +0 trident "Kentinit" {pierce, *Slow
                  | rC+ Int+5}
  5035 | D:5      | Reached skill level 8 in Conjurations
  5215 | D:5      | Reached * piety under Dithmenos
  5457 | D:5      | Found a snail-covered altar of Cheibriados.
  5712 | D:6      | Noticed Blork the orc
  5736 | D:6      | Killed Blork the orc
  6059 | D:6      | Reached ** piety under Dithmenos
  6059 | D:6      | Reached XP level 9. HP: 75/75 MP: 16/18
  6337 | D:6      | Found an ornate altar of the Wu Jian Council.
  6340 | D:6      | Found a white marble altar of Elyvilon.
  6343 | D:6      | Found a radiant altar of Vehumet.
  6510 | D:7      | Reached skill level 9 in Conjurations
  6576 | D:7      | Found Osmih's Antique Armour Shoppe.
  6584 | D:7      | Bought a bloodstained shield for 180 gold pieces
  6595 | D:7      | Identified the -6 shield "Ciru" {rElec rF+ Str-3 Int+6}
                  | (You bought it in a shop on level 7 of the Dungeon)
  6924 | D:7      | Found a hazy altar of Hepliaklqana.
  7154 | D:8      | Reached skill level 1 in Shields
  7282 | D:8      | Reached *** piety under Dithmenos
  7541 | D:8      | Noticed a +0 dagger
  7542 | D:8      | Noticed a +0 hand axe
  7548 | D:8      | Found a hide-covered altar of Uskayaw.
  7745 | D:8      | Found a blossoming altar of Fedhas.
  8374 | D:8      | Noticed Joseph
  8388 | D:8      | Killed Joseph
  8482 | D:9      | Reached skill level 10 in Conjurations
  8612 | D:9      | Found a flagged portal.
  8620 | Bailey   | Entered a bailey
  8636 | Bailey   | Reached XP level 10. HP: 13/86 MP: 19/21
  8657 | Bailey   | Shot with a bolt by an orc warrior

Levels and vault maps discovered:
D:1:      wander_arrival_fairy_ring, layout_loops_ring
D:2:      minmay_skewed_foursquare, layout_loops_ring, zin_purify,
          lightli_temple_of_fire, nicolae_overflow_crystal_walls,
          nicolae_ashenzari_panopticon, first_ration
D:3:      gammafunk_wand_slinger, layout_basic, chequers_serial_rivers_micro_b
D:4:      layout_loops_ring, minmay_temple_entry_statues,
          minmay_misc_feat_pillars, kennysheep_decorative_pillar,
          uniq_crazy_yiuf_cottage, uniq_pikel
D:5:      layout_rooms, kennysheep_mini_moat
D:6:      layout_rooms, grunt_temple_overflow_diamond, uniq_blork_the_orc
D:7:      layout_gridville, overflow_temple_1_default, serial_shops,
          nicolae_shop_crystal
D:8:      layout_basic, dancing_weapons_uskayaw, fedhas_altar_4, uniq_joseph
D:9:      layout_roguey, nicolae_ru_sacrificial_ziggurat,
          nicolae_tso_carved_into_rock, zombieorc2_lemuel, enter_bailey_2
Temple:   nicolae_temple_figure_zero
Bailey:   bailey_polearm_4, bailey

Skill      XL: |  1  2  3  4  5  6  7  8  9 |
---------------+----------------------------+-----
Fighting       | 1 2 3 4 5 7 |  7.0
Conjurations   | 5 6 7 8 10 | 10.0
Spellcasting   | 3 5 6 7 |  7.5
Evocations     | 1 3 4 |  4.0
Hexes          | 2 4 |  4.0
Shields        | 3 |  3.0
Dodging        | |  1.7
Stealth        | |  1.7

Action                   |  1- 3 |  4- 6 |  7- 9 | 10-12 || total
-------------------------+-------+-------+-------+-------++-------
Melee: Dagger            |    47 |    29 |       |       ||    76
       Tailslap          |     3 |     1 |       |       ||     4
 Fire: Hunting sling     |       |       |     6 |       ||     6
Throw: Javelin           |       |     4 |       |       ||     4
       Stone             |       |     3 |       |       ||     3
 Cast: Magic Dart        |    52 |    90 |   268 |     7 ||   417
       Searing Ray       |       |    10 |    46 |       ||    56
       Fulminant Prism   |       |       |    18 |     2 ||    20
 Abil: Breathe Dispellin |       |       |     1 |       ||     1
  Use: Scroll            |       |     9 |     9 |       ||    18
       Potion            |       |       |     1 |     1 ||     2
  Eat: Chunk             |     3 |     6 |    11 |       ||    20
       Ration            |       |     1 |     1 |       ||     2
Armor: Skin              |    22 |     9 |    65 |       ||    96
Dodge: Dodged            |    32 |    17 |   124 |     3 ||   176

Table legend:
 A = Non-vault XP
 B = Vault XP
 C = Vault XP percentage of total XP
 D = Non-vault monster count
 E = Vault monster count
 F = Vault count percentage of total count
                 A         B        C        D         E       F
            +---------+---------+-------+---------+---------+-------
      Total |    4182 |    1445 |  25.7 |     187 |      14 |   7.0
            +---------+---------+-------+---------+---------+-------
        D:1 |      25 |       0 |   0.0 |      14 |       0 |   0.0
        D:2 |     147 |       7 |   4.5 |      24 |       4 |  14.3
        D:3 |     105 |      63 |  37.5 |      20 |       3 |  13.0
        D:4 |     305 |     683 |  69.1 |       8 |       2 |  20.0
        D:5 |     995 |       0 |   0.0 |      26 |       0 |   0.0
        D:6 |     548 |      90 |  14.1 |      37 |       1 |   2.6
        D:7 |     631 |       0 |   0.0 |      28 |       0 |   0.0
        D:8 |    1167 |     460 |  28.3 |      25 |       1 |   3.8
        D:9 |     259 |       0 |   0.0 |       5 |       0 |   0.0
     Bailey |       0 |     142 | 100.0 |       0 |       3 | 100.0
            +---------+---------+-------+---------+---------+-------
